 Dungeon Crawl Stone Soup version 0.29-a0-82-g837932c90e (webtiles) character file.

Game seed: 2791421398456224819

181 cyrus the Covert (level 5, 0/47 HPs)
             Began as a Gnoll Delver on Feb 4, 2022.
             Slain by a scorpion (7 damage)
             ... on level 4 of the Dungeon.
             The game lasted 00:02:58 (777 turns).

cyrus the Covert (Gnoll Delver)                      Turns: 777, Time: 00:02:59

Health: 0/47       AC:  3    Str: 13    XL:     5   Next: 61%
Magic:  7/7        EV: 13    Int: 10    God:
Gold:   33         SH:  0    Dex: 13    Spells: 7/7 levels left

rFire   . . .      SeeInvis .   a - +0 falchion
rCold   . . .      Faith    .   (no shield)
rNeg    . . .      Spirit   .   b - +0 leather armour
rPois   .          Reflect  .   (no helmet)
rElec   .          Harm     .   (no cloak)
rCorr   .          Rampage  .   (no gloves)
Will    .....                   (no boots)
Stlth   ++++......              (no amulet)
HPRegen 0.15/turn               (no ring)
MPRegen 0.10/turn               (no ring)

@: no status effects
A: fangs 1, strong nose, distributed training
a: no special abilities


You were on level 4 of the Dungeon.
You visited 1 branch of the dungeon, and saw 2 of its levels.

You collected 33 gold pieces.

Inventory:

Hand Weapons
 a - a +0 falchion (weapon)
Armour
 b - a +0 leather armour (worn)
Jewellery
 i - an amulet of the acrobat
 l - a ring of positive energy
Wands
 g - a wand of digging (3)
 j - a wand of acid (2)
 n - a wand of flame (7)
Scrolls
 d - 2 scrolls of magic mapping
 h - a scroll of identify {unknown}
Potions
 f - a potion of haste
 k - 2 potions of cancellation {unknown}
 m - a potion of brilliance {unknown}


   Skills:
 + Level 6.7 Fighting
 + Level 1.5 Short Blades
 + Level 4.8 Long Blades
 + Level 1.5 Axes
 + Level 1.5 Maces & Flails
 + Level 1.5 Polearms
 + Level 1.5 Staves
 + Level 1.5 Slings
 + Level 1.5 Bows
 + Level 1.5 Crossbows
 + Level 1.5 Throwing
 + Level 1.5 Armour
 + Level 4.8 Dodging
 + Level 9.7 Stealth
 + Level 1.5 Shields
 + Level 1.5 Unarmed Combat
 + Level 1.5 Spellcasting
 + Level 1.2 Conjurations
 + Level 1.2 Hexes
 + Level 1.2 Summonings
 + Level 1.2 Necromancy
 + Level 1.2 Translocations
 + Level 1.2 Transmutations
 + Level 1.2 Fire Magic
 + Level 1.2 Ice Magic
 + Level 1.2 Air Magic
 + Level 1.2 Earth Magic
 + Level 1.2 Poison Magic
 + Level 1.7 Invocations
 + Level 1.5 Evocations


You had 7 spell levels left.
You didn't know any spells.
Your spell library was empty.

Dungeon Overview and Level Annotations

Branches:
Dungeon (5/15)
 Temple: D:4-7

Altars:

Annotations:
D:4 1 runed translucent door, IdlyInterested's ghost, novice DsWn


Innate Abilities, Weirdness & Mutations

You have very sharp teeth.
Your uncanny sense of smell can sniff out nearby items.
Your experience applies equally to all skills.


Message History

* * * LOW HITPOINT WARNING * * *
Unknown command.
You hit the scorpion.
You kill the scorpion!
You start resting.
A scorpion comes into view.
A scorpion is nearby!
Aiming: Throw Flame
Press: ? - help, Q - select action, (/) - cycle Shift-Dir - straight line, f - scorpion
Aim: a scorpion (wandering, hasn't noticed you, 71% to hit)
The puff of flame hits the scorpion.
The scorpion is moderately wounded.
Aiming: Corrosive Bolt
Press: ? - help, Q - select action, (/) - cycle Shift-Dir - straight line, f/p - scorpion
Aim: a scorpion (moderately wounded, 71% to hit)
The bolt of acid misses the scorpion.
Read: scroll of fear
Press: ? - help, Q - select action, (/) - cycle Dir - look around, f - activate Look: a scorpion (lightly wounded, chance to affect: 97%)
As you read the scroll of fear, it crumbles to dust.
You assume a fearsome visage.
The scorpion looks frightened!
You start resting.
A scorpion is nearby!
A scorpion is nearby!
Unknown command.
Aiming: Corrosive Bolt
Press: ? - help, Q - select action, (/) - cycle Shift-Dir - straight line, f/p - scorpion
Aim: a scorpion (lightly wounded, 71% to hit)
The bolt of acid hits the scorpion!
The acid corrodes the scorpion!
The scorpion is almost dead.
Aiming: Corrosive Bolt
Press: ? - help, Q - select action, (/) - cycle Shift-Dir - straight line, f/p - scorpion
Aim: a scorpion (almost dead, covered in acid, 71% to hit)
The bolt of acid misses the scorpion.
The scorpion misses you.
You completely miss the scorpion.
The scorpion is almost dead.
The scorpion stings you!
You die...

#...........#.
#............. .#
#............. .#
#≈≈≈##............ .##
#≈W≈#....$........ ..#
#≈≈≈#............# ..#
####≈≈≈#............#
..###..#≈≈≈#.##.s......#
..#...(#≈≈w# #.@....).#
.....#.##+### ##......##
..###.......# ##....##
............#####...##
..................###
####..............##
###.............####
#................###
#....).#...#.......##


You could see a scorpion (corroded).

Vanquished Creatures
  2 scorpions (D:4)
  An iguana (D:4)
  A hound skeleton (D:4)
  2 adders (D:4)
  A dart slug (D:4)
  A goblin (D:4)
  A hobgoblin (D:4)
9 creatures vanquished.

Notes
Turn   | Place    | Note
-------+----------+-------------------------------------------
     0 | D:5      | Reached skill level 9 in Stealth
     0 | D:5      | cyrus the Gnoll Delver began the quest for the Orb.
     0 | D:5      | Reached XP level 1. HP: 23/23 MP: 1/1
    28 | D:4      | Noticed an iguana
    32 | D:4      | Killed an iguana
    33 | D:4      | Reached XP level 2. HP: 24/29 MP: 2/2
    33 | D:4      | Reached XP level 3. HP: 29/35 MP: 3/3
   172 | D:4      | Noticed a scorpion
   180 | D:4      | Killed a scorpion
   181 | D:4      | Reached skill level 1 in Short Blades
   181 | D:4      | Reached skill level 1 in Axes
   181 | D:4      | Reached skill level 1 in Maces & Flails
   181 | D:4      | Reached skill level 1 in Polearms
   181 | D:4      | Reached skill level 1 in Staves
   181 | D:4      | Reached skill level 1 in Slings
   181 | D:4      | Reached skill level 1 in Bows
   181 | D:4      | Reached skill level 1 in Crossbows
   181 | D:4      | Reached skill level 1 in Throwing
   181 | D:4      | Reached skill level 1 in Armour
   181 | D:4      | Reached skill level 1 in Shields
   181 | D:4      | Reached skill level 1 in Unarmed Combat
   181 | D:4      | Reached skill level 1 in Spellcasting
   181 | D:4      | Reached skill level 1 in Conjurations
   181 | D:4      | Reached skill level 1 in Hexes
   181 | D:4      | Reached skill level 1 in Summonings
   181 | D:4      | Reached skill level 1 in Necromancy
   181 | D:4      | Reached skill level 1 in Translocations
   181 | D:4      | Reached skill level 1 in Transmutations
   181 | D:4      | Reached skill level 1 in Fire Magic
   181 | D:4      | Reached skill level 1 in Ice Magic
   181 | D:4      | Reached skill level 1 in Air Magic
   181 | D:4      | Reached skill level 1 in Earth Magic
   181 | D:4      | Reached skill level 1 in Poison Magic
   181 | D:4      | Reached skill level 1 in Invocations
   181 | D:4      | Reached skill level 1 in Evocations
   181 | D:4      | Reached XP level 4. HP: 19/41 MP: 5/5
   660 | D:4      | Found a runed translucent door.
   662 | D:4      | Noticed IdlyInterested's ghost (novice DsWn)
   721 | D:4      | Noticed a scorpion
   727 | D:4      | Reached XP level 5. HP: 40/47 MP: 5/7
   735 | D:4      | HP: 1/47 [scorpion (3)]
   777 | D:4      | Slain by a scorpion

Illustrated notes

Levels and vault maps discovered:
D:4:      layout_cave_pods, ebering_ghost_sewer_f, serial_shops,
          nicolae_shop_hallway_plus, serial_park_tiny_1,
          hangedman_minor_gate_pass
D:5:      layout_basic

Skill      XL: |  1  2  3 |
---------------+----------+-----
Stealth        | |  9.7
Short Blades   | 1 |  1.5
Axes           | 1 |  1.5
Maces & Flails | 1 |  1.5
Polearms       | 1 |  1.5
Staves         | 1 |  1.5
Slings         | 1 |  1.5
Bows           | 1 |  1.5
Crossbows      | 1 |  1.5
Throwing       | 1 |  1.5
Armour         | 1 |  1.5
Shields        | 1 |  1.5
Unarmed Combat | 1 |  1.5
Spellcasting   | 1 |  1.5
Conjurations   | 1 |  1.2
Hexes          | 1 |  1.2
Summonings     | 1 |  1.2
Necromancy     | 1 |  1.2
Translocations | 1 |  1.2
Transmutations | 1 |  1.2
Fire Magic     | 1 |  1.2
Ice Magic      | 1 |  1.2
Air Magic      | 1 |  1.2
Earth Magic    | 1 |  1.2
Poison Magic   | 1 |  1.2
Invocations    | 1 |  1.7
Evocations     | 1 |  1.5
Fighting       | |  6.7
Long Blades    | |  4.8
Dodging        | |  4.8

Action                   |  1- 3 |  4- 6 || total
-------------------------+-------+-------++-------
Melee: Falchion          |    12 |    21 ||    33
       Bite              |     1 |     3 ||     4
Evoke: Wand              |     2 |     7 ||     9
  Use: Scroll            |       |     2 ||     2
 Stab: Sleeping          |     1 |     1 ||     2
Armor: Leather armour    |     2 |     5 ||     7
Dodge: Dodged            |     6 |    15 ||    21

Table legend: (Time is in decaauts)
 A = Elapsed time spent in this place.
 B = Non-inter-level travel time spent in this place.
 C = Inter-level travel time spent in this place.
 D = Time resting spent in this place.
 E = Time spent auto-exploring this place.
 F = Levels seen in this place.
 G = Mean time per level.
                   A        B        C        D        E       F      G
               +--------+--------+--------+--------+--------+-----+--------+
         Total |    779 |    779 |      0 |    400 |    177 |   2 |  389.5 |
       Dungeon |    779 |    779 |      0 |    400 |    177 |   2 |  389.5 |
               +--------+--------+--------+--------+--------+-----+--------+

Top non-repeatable levels by time:
     D:4: 751 daAuts
     D:5: 28 daAuts
